 Dungeon Crawl Stone Soup version 0.27-a0-1149-g4505690ab0 (webtiles) character file.

Game seed: 7725654220458574759

754 Lekart the Skirmisher (level 7, -6/61 HPs)
             Began as a Black Draconian Chaos Knight on May 13, 2021.
             Was a Plaything of Xom.
             Mangled by a scorpion (8 damage)
             ... on level 5 of the Dungeon.
             The game lasted 00:13:22 (3234 turns).

Lekart the Skirmisher (DrCK)                        Turns: 3234, Time: 00:13:22

Health: -6/61      AC:  8    Str: 14    XL:     7   Next: 49%
Magic:  7/7        EV: 12    Int: 13    God:    Xom [.....*]
Gold:   230        SH:  0    Dex: 12    Spells: 6/6 levels left

rFire    . . .     SeeInvis .   a - +0 falchion (chaos)
rCold    . . .     Faith    .   (no shield)
rNeg     . . .     Spirit   .   (armour unavailable)
rPois    .         Reflect  .   (helmet restricted)
rElec    +         Harm     .   (no cloak)
rCorr    .         Rampage  .   b - +1 pair of gloves
Will     .....                  (no boots)
Stlth    +.........             (no amulet)
HPRegen  0.20/turn              (no ring)
MPRegen  0.10/turn              (no ring)

@: brilliant, lethally poisoned (-6 -> -14), cleaving, attractive, very slightly
contaminated, invisible
A: breathe lightning, AC +6, unfitting armour, electricity resistance,
cold-blooded, horns 1, MP-powered wands
a: Breathe Lightning, Renounce Religion


You were on level 5 of the Dungeon.
You worshipped Xom.
You were Xom's teddy bear.
You visited 1 branch of the dungeon, and saw 5 of its levels.

You collected 230 gold pieces.

Inventory:

Hand Weapons
 a - a +0 falchion of chaos (weapon)
 t - a +5 vorpal arbalest
Missiles
 o - 6 atropa-tipped darts (quivered)
 u - a bolt
Armour
 b - a +1 pair of gloves (worn)
Jewellery
 s - a ring of see invisible
Wands
 r - a wand of polymorph (12)
Scrolls
 e - a scroll of vulnerability
 f - a scroll of teleportation
 h - 2 scrolls of amnesia
Potions
 n - a potion of brilliance
 p - a potion of ambrosia {unknown}
 v - a potion of flight {unknown}
Miscellaneous
 c - a lightning rod (3/4)


   Skills:
 * Level 5.4 Fighting
 + Level 4.7 Long Blades
 + Level 1.1 Crossbows
 + Level 4.6 Throwing
 + Level 3.1 Dodging
 + Level 0.6 Evocations


You had 6 spell levels left.
You didn't know any spells.
Your spell library was empty.

Dungeon Overview and Level Annotations

Branches:
Dungeon (4/15)
 Temple: D:4-7

Altars:
Sif Muna


Innate Abilities, Weirdness & Mutations

You can breathe wild blasts of lightning.
Your glossy black scales are hard. (AC +6)
You cannot fit into any form of body armour.
You are resistant to electric shocks. (rElec)
You are cold-blooded and may be slowed by cold attacks.
You have a pair of small horns on your head.
You expend magic power (3 MP) to strengthen your wands.


Message History

The scorpion stings you but does no damage.
A water moccasin comes into view.
The scorpion stings you!
You are poisoned.
The scorpion poisons you!
You are too injured to fight recklessly!
You are too injured to fight recklessly!
Your +0 falchion of chaos is briefly surrounded by a scintillating aura of random colours.
a - a +0 falchion of chaos (weapon)
You feel sick. The scorpion stings you.
* * * LOW HITPOINT WARNING * * *
You are lethally poisoned!
The scorpion poisons you!
It was a potion of attraction.
You feel attractive to monsters.
* * * LOW HITPOINT WARNING * * *
You feel very sick. Xom smiles on you.
Your +0 falchion of chaos looks sharp.
The scorpion stings you but does no damage.
You closely miss the scorpion. You headbutt the scorpion.
The scorpion is almost dead.
* * * LOW HITPOINT WARNING * * *
You feel very sick.
The scorpion stings you but does no damage.
It was a potion of invisibility.
You fade into invisibility!
* * * LOW HITPOINT WARNING * * *
You feel very sick. The scorpion stings you.
* * * LOW HITPOINT WARNING * * *
The scorpion closely misses you.
You are very lightly contaminated with residual magic.
It was a potion of brilliance.
You feel clever all of a sudden.
* * * LOW HITPOINT WARNING * * *
You feel very sick. The scorpion stings you!
You die...
Xom giggles madly!

#{ #......# ....# #.
#......# #...#
#####.##......###...#
..(.((............#
#....(..........#
..#.(#........<.# #
##.(S.........##
###s###.#.....#
#)@...##..........#
#.)#####..........#
##.# #..........# #.#
############ ###


You could see a water moccasin and a scorpion.

Vanquished Creatures
  Sigmund (D:2)
  An orc warrior (D:5)
  An ogre (D:2)
  A bullfrog skeleton (D:3)
  An orc priest (D:5)
  4 orc wizards
  Terence (D:2)
  3 iguanas
  Robin (D:2)
  3 gnolls (D:3)
  5 adders
  An ufetubus (D:3)
  3 dart slugs
  3 orcs (D:3)
  4 ball pythons
  3 endoplasms
  2 giant cockroaches
  10 goblins
  7 hobgoblins
  5 jackals
  5 kobolds
  3 quokkas
  6 bats
  5 frilled lizards
  2 rats (D:1)
81 creatures vanquished.

Vanquished Creatures (others)
  3 toadstools (D:1)
3 creatures vanquished.

Grand Total: 84 creatures vanquished

Notes
Turn   | Place    | Note
-------+----------+-------------------------------------------
     0 | D:1      | Lekart the Draconian Chaos Knight began the quest for the
                  | Orb.
     0 | D:1      | Reached XP level 1. HP: 19/19 MP: 1/1
   139 | D:1      | Reached XP level 2. HP: 27/27 MP: 2/2
   371 | D:1      | Reached skill level 4 in Fighting
   554 | D:1      | Reached XP level 3. HP: 33/33 MP: 3/3
   890 | D:2      | Reached skill level 1 in Throwing
   946 | D:2      | Noticed Robin
   962 | D:2      | Killed Robin
  1012 | D:2      | Noticed Sigmund
  1012 | D:2      | XOM: potion effect (berserk rage)
  1017 | D:2      | Killed Sigmund
  1018 | D:2      | Reached XP level 4. HP: 41/41 MP: 4/4
  1018 | D:2      | Reached XP level 5. HP: 47/47 MP: 5/5
  1113 | D:2      | XOM: silly message
  1174 | D:2      | Noticed Terence
  1178 | D:2      | Killed Terence
  1215 | D:2      | Found a shimmering blue altar of Sif Muna.
  1261 | D:2      | Found a faded altar of an unknown god.
  1421 | D:2      | XOM: silly message
  1717 | D:3      | Reached XP level 6. HP: 39/53 MP: 6/6
  1750 | D:3      | XOM: 1-stop teleportation journey
  1847 | D:3      | XOM: god gift: 40 gold pieces
  1951 | D:3      | XOM: god gift: lightning rod (4/4)
  1961 | D:3      | XOM: cleaving
  1971 | D:2      | XOM: god gift: 8 atropa-tipped darts
  2242 | D:3      | XOM: smoke on damage
  2486 | D:3      | XOM: god gift: tapered brass wand {god gift}
  2676 | D:3      | Reached skill level 5 in Fighting
  2828 | D:3      | XOM: god gift: +4 arbalest of freezing
  2844 | D:3      | XOM: give mutations
  2844 | D:3      | Gained mutation: You have a pair of small antennae on your
                  | head. [Xom's grace]
  2844 | D:3      | Gained mutation: Your mind is acute. (Int +2) [Xom's grace]
  2844 | D:3      | Gained mutation: You expend magic power (3 MP) to
                  | strengthen your wands. [Xom's grace]
  3057 | D:4      | Your scales start taking on a glossy black colour.
  3057 | D:4      | Reached XP level 7. HP: 61/61 MP: 7/7
  3057 | D:4      | Gained mutation: You are resistant to electric shocks.
                  | (rElec) [Black Draconian growth]
  3085 | D:4      | You fall into a shaft and drop 1 floor!
  3085 | D:5      | Entered Level 5 of the Dungeon
  3137 | D:5      | Lost mutation: You have a pair of small antennae on your
                  | head. [potion of mutation]
  3137 | D:5      | Lost mutation: Your mind is acute. (Int +2) [potion of
                  | mutation]
  3137 | D:5      | Gained mutation: You have a pair of small horns on your
                  | head. [potion of mutation]
  3154 | D:5      | Reached skill level 1 in Crossbows
  3231 | D:5      | XOM: cleaving
  3234 | D:5      | HP: 2/61 [poisoned by a scorpion]
  3234 | D:5      | Mangled by a scorpion

Illustrated notes

Levels and vault maps discovered:
D:1:      onia_arrival_pyramid, layout_loops_ring, minmay_gold_behind_fungi,
          kennysheep_small_spiral, minmay_unequal
D:2:      layout_loops_ring, shapermc_ecumenical_altar_notcrosses, basic_altar,
          uniq_terence, uniq_sigmund, uniq_robin
D:3:      layout_basic
D:4:      layout_basic, vehumet_crystals, uniq_duvessa
D:5:      layout_rooms, nicolae_hepliaklqana_hazy_memory,
          minmay_temple_entry_trees, cheibrodos_sewer_entry_sluice

Skill      XL: |  1  2  3  4  5  6  7 |
---------------+----------------------+-----
Fighting       | 4 5 |  5.4
Throwing       | 3 4 |  4.6
Long Blades    | 4 |  4.7
Dodging        | 3 |  3.1
Crossbows      | 1 |  1.1
Evocations     | |  0.6

Action                   |  1- 3 |  4- 6 |  7- 9 || total
-------------------------+-------+-------+-------++-------
Melee: Falchion          |    30 |    66 |    12 ||   108
       Tailslap          |     7 |     6 |     2 ||    15
       Headbutt          |       |       |     2 ||     2
 Fire: Arbalest          |       |     9 |    14 ||    23
Throw: Boomerang         |    74 |    53 |       ||   127
       Dart              |       |     8 |     2 ||    10
 Abil: Breathe Lightning |       |       |     1 ||     1
Evoke: Lightning rod     |       |     5 |       ||     5
  Use: Potion            |       |       |     8 ||     8
       Scroll            |       |       |     7 ||     7
 Stab: Distracted        |       |       |     1 ||     1
Armor: Skin              |    23 |    49 |    17 ||    89
Dodge: Dodged            |    40 |    61 |    13 ||   114
       Rpst.: Falchion   |    20 |    15 |     1 ||    36

Table legend: (Time is in decaauts)
 A = Elapsed time spent in this place.
 B = Non-inter-level travel time spent in this place.
 C = Inter-level travel time spent in this place.
 D = Time resting spent in this place.
 E = Time spent auto-exploring this place.
 F = Levels seen in this place.
 G = Mean time per level.
                   A        B        C        D        E       F      G
               +--------+--------+--------+--------+--------+-----+--------+
         Total |   3284 |   3160 |    124 |    261 |   2290 |   5 |  656.8 |
       Dungeon |   3284 |   3160 |    124 |    261 |   2290 |   5 |  656.8 |
               +--------+--------+--------+--------+--------+-----+--------+

Top non-repeatable levels by time:
     D:3: 1315 daAuts
     D:2: 879 daAuts
     D:1: 876 daAuts
     D:5: 138 daAuts
     D:4: 73 daAuts
